 Dungeon Crawl Stone Soup version 0.23.2 (webtiles) character file.

Game seed: 16559345821011347324

47 myga the Digger (level 3, 0/21 HPs)
             Began as an Octopode Earth Elementalist on Apr 2, 2019.
             Slain by an adder (2 damage)
             ... on level 2 of the Dungeon.
             The game lasted 00:06:42 (1125 turns).

myga the Digger (Octopode Earth Elementalist)       Turns: 1125, Time: 00:06:42

Health: 0/21       AC:  1    Str:  8    XL:     3   Next: 70%
Magic:  6/6        EV: 13    Int: 17    God:
Gold:   68         SH:  0    Dex: 12    Spells: 0/6 levels left

rFire    . . .     SeeInvis .   a - +0 dagger
rCold    . . .     Gourm    .   (no shield)
rNeg     . . .     Faith    .   (helmet restricted)
rPois    .         Spirit   .   (no amulet)
rElec    .         Reflect  .   (no ring)
rCorr    .         Harm     .   (no ring)
MR       .....                  (no ring)
Stlth    +++.......             (no ring)
HPRegen  0.07/turn              (no ring)
MPRegen  0.10/turn              (no ring)
                                (no ring)
                                (no ring)

@: no status effects
A: almost no armour, stealthy swim, amphibious, 8 rings, constrict 8, camouflage
1, gelatinous body 1
a: no special abilities


You were on level 2 of the Dungeon.
You were very hungry.

You visited 1 branch of the dungeon, and saw 2 of its levels.

You collected 68 gold pieces.

Inventory:

Hand Weapons
 a - a +0 dagger (weapon)
Missiles
 b - 15 stones (quivered)
Scrolls
 e - a scroll of identify {unknown}
 g - 2 scrolls of blinking
 h - a scroll of enchant armour {unknown}
 i - a scroll of fog {unknown}
 j - a scroll of fear {unknown}
 l - a scroll of remove curse {unknown}
Comestibles
 c - 2 rations
 f - a chunk of flesh


   Skills:
 + Level 0.1 Fighting
 + Level 0.6 Short Blades
 + Level 2.3 Dodging
 + Level 3.5 Stealth
 + Level 2.3 Spellcasting
 + Level 1.0 Transmutations
 + Level 3.5 Earth Magic


You couldn't memorise any spells.
You knew the following spells:

 Your Spells              Type           Power        Failure   Level  Hunger
a - Sandblast             Erth           ##....       4%          1    #......
b - Passwall              Tmut/Erth      #.......     11%         2    ##.....
c - Stone Arrow           Conj/Erth      #.....       26%         3    ###....

Your spell library contained the following spells:

 Spells                   Type           Power        Failure   Level  Hunger
 Animate Skeleton         Necr           N/A          19%         1    #......
 Apportation              Tloc           #.....       19%         1    #......
 Confusing Touch          Hex            #.....       19%         1    #......
 Summon Small Mammal      Summ           #...         19%         1    #......
 Petrify                  Tmut/Erth      #.......     58%         4    #####..
 Lee's Rapid Deconstruct  Erth           ##........   77%         5    ######.


Dungeon Overview and Level Annotations

Branches:
Dungeon (2/15)

Altars:

Annotations:
D:2 Terence


Innate Abilities, Weirdness & Mutations

You cannot wear most types of armour.
You are very stealthy in the water. (Stealth+)
You are amphibious.
You can wear up to eight rings at the same time.
You can use your tentacles to constrict eight enemies at once.
Your skin changes colour to match your surroundings (Stealth+).
Your rubbery body absorbs attacks. (AC +1, EV +1)


Message History

The adder completely misses you. The adder bites you.
* * * LOW HITPOINT WARNING * * *
The adder bites you.
* * * LOW HITPOINT WARNING * * *
The adder closely misses you. The adder closely misses you.
You closely miss the adder. You grab the adder. Your squeeze misses the adder.
You constrict the adder. The adder closely misses you. The adder bites you.
* * * LOW HITPOINT WARNING * * *
You release your grip on the adder.
You are feeling very hungry.
Found a scroll labeled EGANINUCUE.
You aren't carrying any potions.
Okay, then.
The adder barely misses you.
You see here a scroll labeled EGANINUCUE.
The adder closely misses you. The adder misses you. The adder bites you.
You die...

..# #.# ### #.#
###.# #...#
#@### #.# #s#
#S# #@# #.# #.#
#.# #... ##.#
#..##### ##.(.#
#..#.[.##...###
##............#
##..............


You could see Terence, an adder and a giant cockroach.

Vanquished Creatures
  2 adders (D:2)
  A ball python (D:1)
  2 giant cockroaches
  5 goblins (D:1)
  2 hobgoblins (D:1)
  6 jackals (D:2)
  2 bats (D:1)
  2 frilled lizards
  A kobold (D:1)
  5 rats (D:1)
28 creatures vanquished.

Notes
Turn   | Place    | Note
-------+----------+-------------------------------------------
     0 | D:1      | myga the Octopode Earth Elementalist began the quest for
                  | the Orb.
     0 | D:1      | Reached XP level 1. HP: 11/11 MP: 3/3
   229 | D:1      | Reached XP level 2. HP: 16/17 MP: 5/5
   685 | D:2      | Reached XP level 3. HP: 21/21 MP: 6/6
   742 | D:2      | Learned a level 2 spell: Passwall
   746 | D:2      | Learned a level 3 spell: Stone Arrow
   952 | D:2      | Noticed Terence
  1115 | D:2      | HP: 1/21 [adder (4)]
  1125 | D:2      | Slain by an adder

Skill      XL: |  1  2 |
---------------+-------+-----
Stealth        | 3 |  3.5
Fighting       | |  0.1
Short Blades   | |  0.6
Dodging        | |  2.3
Spellcasting   | |  2.3
Transmutations | |  1.0
Earth Magic    | |  3.5

Action                   || total
-------------------------++-------
Melee: Dagger            ||    53
       Constrict         ||    14
       Tentacles         ||     4
Throw: Stone             ||     1
 Cast: Sandblast         ||    26
  Use: Scroll            ||     1
       Potion            ||     2
 Stab: Sleeping          ||    10
Armor: Skin              ||     8
Dodge: Dodged            ||    48
